Map: 킹스 코브 - 래더

Players

Probe

  • Race: Protoss Protoss
  • Spawn Location: 5:00

Creator - Winner!

  • Race: Protoss Protoss
  • Spawn Location: 11:00

Event: IEM Season 13: Katowice (2019)

VOD

Have the link to the VOD?

Description

Time

  • Played on: Feb. 26, 2019, 4:14 a.m.
  • Length: 6:03

All games in this series

Show
View Real Time Build Order
Export as new Build Order

Probe Protoss 

Build Orders:  

Get SALT Encoding   

  12  0:00  Probe  
  13  0:12  Probe  
  14  0:18  Pylon  
  14  0:24  Probe  
  15  0:33  Probe  
  15  0:38  Gateway  
  15  0:41  Probe  
  16  0:46  Assimilator  
  17  0:51  Probe  
  17  0:55  Assimilator  
  18  0:59  Probe  
  19  1:07  Probe  
  20  1:14  Gateway  
  20  1:17  Probe  
  21  1:26  Cybernetics Core  
  21  1:29  Probe  
  22  1:36  Pylon  
  22  1:41  Probe  
  23  1:54  Probe  
  24  2:02  Robotics Facility  
  24  2:06  Adept x2  
  28  2:09  Warp Gate  
  28  2:16  Pylon  
  28  2:36  Stalker x2  
  32  2:39  Immortal  
  36  3:00  Gateway  
  36  3:08  Pylon  
  36  3:11  Warp Prism  
  36  3:46  Pylon  
  36  3:48  Observer, Shield Battery  
  37  3:57  Stalker x2  
  39  4:04  Stalker  
  40  4:25  Stalker x2  
  40  4:33  Stalker  
  36  4:47  Warp Prism  
  34  4:54  Stalker x2  
  34  5:05  Stalker  
  34  5:09  Observer  
  34  5:17  Sentry  
  34  5:18  Sentry  
  37  5:48  Stalker x3  
Show
View Real Time Build Order
Export as new Build Order

Creator Protoss - Winner!

Build Orders: Phoenix Opening 

Get SALT Encoding   

  12  0:00  Probe  
  13  0:12  Probe  
  14  0:18  Pylon  
  14  0:24  Probe  
  15  0:32  Probe  
  15  0:37  Gateway  
  15  0:40  Probe  
  16  0:46  Assimilator  
  17  0:51  Probe  
  17  0:55  Assimilator  
  18  1:02  Probe  
  19  1:08  Gateway  
  19  1:10  Probe  
  19  1:18  Probe  
  21  1:26  Cybernetics Core  
  21  1:29  Probe  
  22  1:36  Pylon  
  22  1:41  Probe  
  23  1:54  Probe  
  24  2:03  Warp Gate, Sentry, Stalker  
  28  2:12  Pylon  
  28  2:31  Stalker  
  28  2:32  Stalker  
  28  2:36  Phoenix  
  32  2:50  Shield Battery  
  32  2:58  Nexus  
  31  3:00  Probe  
  32  3:14  Probe  
  33  3:26  Probe  
  34  3:32  Robotics Facility  
  34  3:39  Shield Battery  
  34  3:40  Shield Battery  
  34  3:44  Shield Battery  
  34  3:51  Sentry, Stalker  
  38  3:56  Pylon  
  38  4:13  Immortal  
  38  4:14  Stalker x2  
  39  4:36  Shield Battery  
  39  4:38  Sentry  
  39  4:40  Zealot  
  38  4:57  Probe x2  
  36  5:05  Observer  
  36  5:06  Sentry, Stalker  
  38  5:12  Probe x2  
  41  5:17  Immortal  
  45  5:35  Stalker  
  47  5:36  Stalker  

Tags
 
Add a new tag
Caveats
  • Supply blocks, unpowered buildings, or Contaminate may cause inaccurate times.
  • Supply counts are checked every 10 seconds.